AoeStats
← Gregory176144

Arabia

510485157Analyzed
1v1 RM · 9h ago on Oct 1, 2026· 25m 2s· 2 players
Game mode
Random Map
Map size
Tiny (2 player)
Population
200
Speed
Normal
Resources
Standard
Victory
Conquest
Starting age
Dark Age
Ending age
Imperial Age
RankedLock teamsTeams togetherTeam positionsShared explorationLock speedFull tech treeHidden civsTurbo modeCheats
Victory
Defeat
🇦🇷 Chinese · Argentina
1370
+19
🇨🇳 Khmer · China
1429
-19
Alan FEVM
5:59 Loom
9:14 Feudal Age
10:38 Fletching
19:13 Town Watch
Gregory176144
0:28 Loom
8:38 Feudal Age
9:07 Horse Collar
10:33 Double-Bit Axe
14:56 Fletching
16:13 Wheelbarrow
17:33 Town Watch
21:30 Castle Age
Connection lost

Rejoining the realm…

Still unreachable

The connection could not be restored.

Session expired

The server has moved on; the page needs a fresh start.